 Dungeon Crawl Stone Soup version 0.31-b1-12-gca42e3d1b8 (webtiles) character file.

Game seed: 17886797280636994714

221 hawla the Changeling (level 5, -4/25 HPs)
             Began as a Felid Shapeshifter on Jan 15, 2024.
             Succumbed to Ijyb's poison
             ... on level 3 of the Dungeon.
             The game lasted 00:04:59 (2243 turns).

hawla the Changeling (Felid Shapeshifter)           Turns: 2243, Time: 00:05:00

Health: -4/25      AC:  1    Str: 12    XL:     5   Next: 65%
Magic:  6/6        EV: 18    Int: 13    God:
Gold:   125        SH:  0    Dex: 16    Spells: 4/4 levels left
                                        Lives:  0   Deaths: 2

rFire   . .          .
                       - Unarmed
rCold   . . .        (shield unavailable)
rNeg    . . .        (body armour unavailable)
rPois   .            (helmet unavailable)
rElec   .            (cloak unavailable)
rCorr   +            (gloves unavailable)
SInv    +            (boots unavailable)
Will    .....        (no amulet)
Stlth   ++           f - ring of resist corrosion
HPRegen 0.24/turn    (no ring)
MPRegen 0.10/turn

%: no passive effects
@: lethally poisoned (-4 -> -22), beast-form
A: beast (slay +2), very small, claws 1, fangs 3, see invisible, shaggy fur 1,
stealthy paws, no weapons or thrown items, no armour, multi-lived
a: Begin Untransformation


You were on level 3 of the Dungeon.
You were a hulking beast.
You visited 1 branch of the dungeon, and saw 3 of its levels.

You collected 125 gold pieces.

Inventory:

Jewellery
 f - a ring of resist corrosion (left paw)
 l - a ring of fire
 n - an amulet of regeneration
Talismans
 b - a beast talisman
 c - a flux talisman
Scrolls
 g - a scroll of identify
 h - a scroll of revelation
 i - a scroll of blinking
 j - a scroll of poison {unknown}
 k - a scroll of fear {unknown}
 m - a scroll of enchant armour {unknown}
Potions
 o - a potion of attraction


   Skills:
 - Level 1.1 Fighting
 - Level 3.3 Dodging
 - Level 2.8 Stealth
 - Level 4.1 Unarmed Combat
 + Level 4.3 Shapeshifting


You had 4 spell levels left.
You didn't know any spells.
Your spell library was empty.

Dungeon Overview and Level Annotations

Branches:
Dungeon (3/15)

Altars:
Fedhas
Qazlal


Innate Abilities, Weirdness & Mutations

You are a hulking beast.
Your limbs bulge with bestial killing power. (Slay +2)
You have sharp claws.
You have razor-sharp teeth.
You have supernaturally acute eyesight. (SInv)
You are covered in fur. (AC +1)
Your paws help you pounce on unaware monsters.
You are incapable of wielding weapons or throwing items.
You cannot wear armour.
You gain extra lives every three experience levels.


Message History

You bump into the rock wall.
Ijyb zaps a wand.
Your will is overpowered!
You are more confused.
You bump into the rock wall.
Ijyb zaps a wand.
You easily resist.
Ijyb screams, "Me kill you!"
You bump into the rock wall.
Ijyb hits you with a +5 dagger of venom.
Ijyb zaps a wand.
You easily resist.
You claw Ijyb!
Ijyb is heavily wounded.
You miss Ijyb.
Ijyb is heavily wounded.
Ijyb zaps a wand.
You easily resist.
You're too confused to move!
You feel less confused. Ijyb closely misses you.
You scratch Ijyb.
Ijyb is heavily wounded.
Ijyb hits you with a +5 dagger of venom!
You are lethally poisoned!
You scratch Ijyb.
Ijyb is severely wounded.
You feel very sick. Ijyb barely misses you.
You closely miss Ijyb. You bite Ijyb.
Ijyb is almost dead.
You feel very sick.
Ijyb hits you with a +5 dagger of venom.
* * * LOW HITPOINT WARNING * * *
You are more poisoned.
You claw Ijyb!
You kill Ijyb!
* * * LOW HITPOINT WARNING * * *
You feel very sick.
Okay, then.
Blink to where?
Press: ? - help, Dir - move target
As you read the scroll labelled NOONAEDDUXUW, it crumbles to dust.
It was a scroll of blinking.
You die...

##.#.......#...#........#,,,,,,,*
#.#.#...#.#..##........#,,,,,,,*
#.#.#._.#.#.####..####.#********
##.#.#...#.#.# #.^####.# #######
...#.......#.####.......# #......
##.#.#####.#...###.########.#####
.............#.# #..†.......#
.......<.##.##.##############
####..#####.#...h.####
#...(..[....###.####
##........#####.####
##...#.#######§####
#.#...####..).####
#.##.#####.#######
#####.##.#####.#######
......##.#####.#######
#.####.....###.#######


There were no monsters in sight!

Vanquished Creatures
  An orc priest (D:3)
  Ijyb (D:3)
  Terence (D:3)
  An orc wizard (D:3)
  5 adders
  2 dart slugs
  6 orcs (D:3)
  9 bats
  6 endoplasms
  4 goblins
  5 hobgoblins
  5 jackals
  3 kobolds
  A quokka (D:1)
  4 ball pythons
  5 frilled lizards
  3 rats
62 creatures vanquished.

Notes
Turn   | Place    | Note
-------+----------+-------------------------------------------
     0 | D:1      | hawla the Felid Shapeshifter began the quest for the Orb.
     0 | D:1      | Reached XP level 1. HP: 10/10 MP: 2/2
   335 | D:1      | Reached XP level 2. HP: 4/14 MP: 3/3
   822 | D:2      | Reached skill level 1 in Stealth
   822 | D:2      | Reached XP level 3. HP: 16/18 MP: 4/4
  1171 | D:2      | Slain by a ribbon worm
  1171 | D:2      | Lost a life (0 lives remaining)
  1436 | D:2      | Reached XP level 4. HP: 21/22 MP: 5/5
  1436 | D:2      | Gained a life (1 life remaining)
  1485 | D:3      | Found a blossoming altar of Fedhas.
  1551 | D:3      | Noticed Terence
  1578 | D:3      | Killed Terence
  1769 | D:3      | Reached XP level 5. HP: 15/25 MP: 6/6
  2060 | D:3      | Found a stormy altar of Qazlal.
  2169 | D:3      | Noticed Ijyb
  2176 | D:3      | HP: 1/25 [poisoned by Ijyb]
  2176 | D:3      | Mangled by Ijyb
  2176 | D:3      | Lost a life (0 lives remaining)
  2242 | D:3      | Killed Ijyb
  2242 | D:3      | HP: 1/25 [poisoned by Ijyb]
  2243 | D:3      | Succumbed to Ijyb's poison

Illustrated notes

Levels and vault maps discovered:
D:1:      saegor_arrival_simple_a, layout_basic
D:2:      layout_basic
D:3:      layout_loops_cross, lemuel_crystal_altar,
          mainiacjoe_overflow_cross_hatched, kennysheep_generic_room_14,
          uniq_terence, uniq_ijyb

Skill      XL: |  1  2  3  4  5 |
---------------+----------------+-----
Shapeshifting  | 3 4 |  4.3
Stealth        | 1 2 |  2.8
Dodging        | 3 |  3.3
Unarmed Combat | 4 |  4.1
Fighting       | |  1.1

Action                     |  1- 3 |  4- 6 || total
---------------------------+-------+-------++-------
  Melee: Unarmed           |    89 |    75 ||   164
         Bite              |     5 |     3 ||     8
         Punch             |       |     3 ||     3
    Use: Potion            |       |     3 ||     3
         Scroll            |       |     4 ||     4
   Stab: Sleeping          |     4 |     4 ||     8
 Armour: Skin              |    30 |    28 ||    58
  Dodge: Dodged            |    57 |    40 ||    97
